 Dungeon Crawl Stone Soup version 0.17-a0-2093-gc772f4b (webtiles) character file.

14 ololoev the Skirmisher (level 2, -1/24 HPs)
             Began as a Demonspawn Fighter on Oct 16, 2015.
             Slain by Jessica (3 damage)
             ... on level 3 of the Dungeon.
             The game lasted 00:01:58 (319 turns).

ololoev the Skirmisher (Demonspawn Fighter)          Turns: 319, Time: 00:01:58

Health: -1/24      AC:  6    Str: 16    XL:     2   Next: 27%
Magic:  2/2        EV:  6    Int:  9    God:
Gold:   68         SH:  8    Dex: 12    Spells: 0 memorised, 1 level left

rFire  + . .     SeeInvis .     a - +0 war axe
rCold  . . .     Clarity  .     b - +0 scale mail
rNeg   . . .     SustAt   .     c - +0 shield
rPois  .         Gourm    .     (no helmet)
rElec  .         Spirit   .     (no cloak)
rCorr  .         Warding  .     (no gloves)
rMut   .         Stasis   .     (no boots)
MR     .....                    (no amulet)
Stlth  ..........               (no ring)
                                (no ring)

@: not resistant to hostile enchantments, extremely unstealthy
A: fire resistance 1
a: no special abilities


Innate Abilities, Weirdness & Mutations

Your flesh is heat resistant.

Inventory:

Hand Weapons
 a - a +0 war axe (weapon)
Armour
 b - a +0 scale mail (worn)
 c - a +0 shield (worn)
Wands
 l - a wand of teleportation (2)
Scrolls
 i - a scroll of identify {unknown}
 j - a scroll of random uselessness {unknown}
 m - 2 scrolls of teleportation {unknown}
 n - a scroll of recharging {unknown}
Potions
 d - a potion of might
 f - a potion of degeneration {unknown}
 h - a potion of curing {unknown}
Comestibles
 e - 2 bread rations
 g - 3 fruits
 k - a meat ration


   Skills:
 + Level 3.2 Fighting
 * Level 2.2 Axes
 + Level 2.9 Armour
 - Level 2.6 Shields


You had one spell level left.
You didn't know any spells.


You were on level 3 of the Dungeon.
You were not hungry.

You visited 1 branch of the dungeon, and saw 3 of its levels.

You collected 68 gold pieces.

...## .... ...#
...# ...
#########.##
...........###.#
#...g@@.....#
.....#<.....####
### ######.# ..
##

Notes
Turn   | Place    | Note
--------------------------------------------------------------
     0 | D:1      | ololoev the Demonspawn Fighter began the quest for the Orb.
     0 | D:1      | Reached XP level 1. HP: 18/18 MP: 1/1
   293 | D:2      | Gained mutation: Your flesh is heat resistant. [demonic ancestry]
   293 | D:2      | Reached XP level 2. HP: 5/24 MP: 2/2
   316 | D:3      | Noticed Jessica
   317 | D:3      | HP: 1/24 [Jessica/nerve-wracking pain (3)]
   319 | D:3      | Slain by Jessica

Dungeon Overview and Level Annotations

Branches:
Dungeon (3/15)

Altars:

Annotations:
D:3 Jessica


Message History

There is a stone staircase leading down here.
You climb downwards.
A kobold comes into view.
The kobold shouts!
You hear a shout!
You hear a shout!
The kobold throws a stone.
The stone barely misses you.
A goblin comes into view.
There is a stone staircase leading up here.
You see here a stone.
The kobold throws a stone.
The stone hits you but does no damage.
You see here a stone.
The kobold barely misses you.
A bat comes into view.
You closely miss the kobold. You miss the goblin.
The bat moves out of view.
You block the kobold's attack. The goblin closely misses you.
The bat closely misses you.
You hit the kobold.
You kill the kobold!
You slash the bat!
You kill the bat!
You hit the goblin but do no damage. You block the goblin's attack.
The goblin hits you.
Jessica the Apprentice Sorceress comes into view.
You closely miss the goblin. The goblin hits you but does no damage.
Jessica gestures wildly while chanting.
Jessica seems to speed up.
Unknown command.
You closely miss the goblin. The goblin barely misses you.
The goblin hits you but does no damage. Jessica casts a spell at you.
Pain shoots through your body!
Unknown command.
You slash Jessica!
Jessica is severely wounded.
You barely miss the goblin. Jessica hits you but does no damage.
The goblin barely misses you. Jessica completely misses you.
Unknown command.
You closely miss Jessica.
Jessica is severely wounded.
You barely miss the goblin. Jessica hits you.
You die...

You could see Jessica and a goblin.

Vanquished Creatures
  A worm (D:2)
  4 jackals (D:2)
  2 kobolds
  A ball python (D:2)
  3 bats
  A giant newt (D:1)
12 creatures vanquished.

Action                   || total
-------------------------++-------
Melee: War axe           ||    43

Vault maps used:
D:1:      erik_arrival_blinker_ship, minivault_27
D:2:      first_bread
D:3:      gammafunk_temple_overflow_statue, ecumenical_altar_2, uniq_jessica
